 Dungeon Crawl Stone Soup version 0.32-a0-314-g526f7d4993 (webtiles) character file.

Game seed: 5933628406435629604

430 Ceno the Grasshopper (level 6, -13/51 HPs)
             Began as an Armataur Warper on Feb 15, 2024.
             Was an Initiate of the Shining One.
             Mangled by an ogre
             ... wielding a +0 giant club
              (22 damage)
             ... on level 4 of the Dungeon.
             The game lasted 00:10:17 (4708 turns).

Ceno the Grasshopper (Armataur Warper)              Turns: 4708, Time: 00:10:18

Health: -13/51     AC:  7    Str: 17    XL:     6   Next: 66%
Magic:  10/10      EV:  9    Int: 13    God:    the Shining One [......]
Gold:   321        SH:  0    Dex: 11    Spells: 3/11 levels left

rFire   . . .        a - +0 falchion
rCold   . . .        (no shield)
rNeg    . . .        b - +0 leather armour
rPois   .            j - +0 helmet
rElec   .            (no cloak)
rCorr   .            p - +1 pair of gloves
SInv    .            (no barding)
Will    .....        (no amulet)
Stlth   +            (no ring)
HPRegen 0.28/turn    (no ring)
MPRegen 0.12/turn

%: roll
@: glowing
A: large, deformed body, tough skin 3, armoured tail, roll 1
a: Renounce Religion


You were on level 4 of the Dungeon.
You worshipped the Shining One.
The Shining One was noncommittal.
You visited 2 branches of the dungeon, and saw 6 of its levels.

You collected 321 gold pieces.

Inventory:

Hand Weapons
 a - a +0 falchion (weapon)
Missiles
 d - 7 darts of dispersal
 f - 42 stones (quivered)
 r - 6 boomerangs
Armour
 b - a +0 leather armour (worn)
 j - a +0 helmet (worn)
 p - a +1 pair of gloves (worn)
Wands
 s - a wand of quicksilver (6)
Scrolls
 c - a scroll of blinking
 g - a scroll of vulnerability {unknown}
 h - a scroll of teleportation
 i - a scroll of enchant armour {unknown}
 n - a scroll of poison
Potions
 e - 5 potions of lignification
 k - 3 potions of berserk rage
 l - a potion of curing {unknown}
 m - 3 potions of mutation
 o - 2 potions of haste {unknown}
 q - a potion of enlightenment {unknown}


   Skills:
 + Level 3.5 Fighting
 + Level 3.5 Long Blades
 - Level 0.8 Throwing
 - Level 1.2 Armour
 - Level 1.3 Dodging
 + Level 3.3 Spellcasting
 + Level 4.6 Translocations


You had 3 spell levels left.
You knew the following spells:

 Your Spells              Type           Power      Damage    Failure   Level
a - Blink                 Tloc           28%        N/A       6%          2
b - Lesser Beckoning      Tloc           28%        N/A       6%          2
c - Vhi's Electric Charg  Tloc/Air       16%        N/A       71%         4

Your spell library contained the following spells:

 Spells                   Type           Power      Damage    Failure   Level
 Teleport Other           Tloc           14%        N/A       12%         3
 Manifold Assault         Tloc           14%        N/A       36%         4


Dungeon Overview and Level Annotations

Branches:
Dungeon (5/15)             Temple (1/1) D:5

Altars:
Ashenzari
Cheibriados
Dithmenos
Elyvilon
Fedhas
Gozag
Hepliaklqana
Kikubaaqudgha
Makhleb
Nemelex Xobeh
Okawaru
Qazlal
Ru
Sif Muna
Trog
Vehumet
Xom
Zin
The Shining One

Annotations:
D:4 Eustachio


Innate Abilities, Weirdness & Mutations

Armour fits poorly on your strangely shaped body.
You have extremely tough skin. (AC +3)
You have a long armoured tail.
You regenerate magic when rolling toward enemies. (Rampage MPRegen)


Message History

You enter the shallow water.
You enter the shallow water.
You enter the shallow water.
You enter the shallow water.
You enter the shallow water.
There is a staircase back to the Dungeon here.
You climb upwards.
Welcome back to the Dungeon!
There is a staircase to the Ecumenical Temple here.
An orc comes into view. It is wielding a +0 club.
The orc shouts!
An orc comes into view.
It is wielding a +1 short sword of protection.
An ogre comes into view. It is wielding a +0 giant club.
The ogre shouts!
You hear a shout!
The ogre moves out of view.
Found a ring mail.
An orc comes into view. It is wielding a +0 club.
There is a stone staircase leading up here.
Found a stone staircase leading up.
You roll towards the orc!
The ogre hits you with a +0 giant club!!
There is a stone staircase leading up, spattered with blood here.
The orc hits you but does no damage.
You climb upwards.
Level annotation: Eustachio
There is a stone staircase leading down here.
The ogre barely misses you. The orc hits you but does no damage.
The orc attacks as it pursues you! The orc hits you but does no damage.
There is an open door here.
You hit the ogre.
The ogre is lightly wounded.
The ogre closely misses you.
You hit the ogre.
Your tail-slap misses the ogre.
The ogre is moderately wounded.
The ogre hits you with a +0 giant club!!
* * * LOW HITPOINT WARNING * * *
You are too injured to fight recklessly!
You hit the ogre.
The ogre is heavily wounded.
The ogre hits you with a +0 giant club!!
You die...

.....# #................####.####
...#####.........................
.....†.'........>............##.#
...#####................#######.#
...#####................### #.#
............####'##.......# #.#
............# #o##.#####.#####.#
..#.........# #O##.# #..)....#
............# #@##.# #########
..#.........# #.##.#
..#.........# #.##.#
..#.........####.##.#
..#######........##.#
...........#..##.##.#
...........#...#.##.#
##.........#.#.#.##.############
#....#.####.#..>##............#


You could see an ogre and an orc.

Vanquished Creatures
  2 phantoms (D:4)
  A scorpion (D:4)
  Jessica (D:2)
  2 gnolls
  5 adders
  2 dart slugs
  2 ribbon worms
  3 orcs
  5 bats
  3 endoplasms (D:1)
  6 giant cockroaches
  7 goblins
  7 hobgoblins
  7 jackals (D:3)
  2 quokkas
  7 ball pythons
  3 frilled lizards
  6 kobolds
  3 rats
74 creatures vanquished.

Notes
Turn   | Place    | Note
-------+----------+-------------------------------------------
     0 | D:1      | Ceno the Armataur Warper began the quest for the Orb.
     0 | D:1      | Reached XP level 1. HP: 17/17 MP: 3/3
    46 | D:1      | Reached XP level 2. HP: 12/24 MP: 5/5
   462 | D:1      | Reached XP level 3. HP: 29/29 MP: 6/6
   621 | D:1      | Found a faded altar of an unknown god.
  1140 | D:1      | Learned a level 2 spell: Blink
  1143 | D:1      | Learned a level 2 spell: Lesser Beckoning
  1401 | D:2      | Reached XP level 4. HP: 36/37 MP: 7/7
  2079 | D:2      | Noticed Jessica
  2085 | D:2      | Killed Jessica
  2086 | D:2      | Reached XP level 5. HP: 37/42 MP: 8/8
  2264 | D:3      | Reached skill level 4 in Translocations
  2302 | D:3      | Found a bloodstained altar of Trog.
  2814 | D:3      | Learned a level 4 spell: Vhi's Electric Charge
  3620 | D:4      | Noticed a phantom
  3756 | D:4      | Found a radiant altar of Vehumet.
  3758 | D:4      | Found a hazy altar of Hepliaklqana.
  3758 | D:4      | Found an iron altar of Okawaru.
  3758 | D:4      | Found a glowing golden altar of the Shining One.
  3759 | D:4      | Found a stormy altar of Qazlal.
  3759 | D:4      | Found a glowing silver altar of Zin.
  3766 | D:4      | Became a worshipper of the Shining One
  3841 | D:4      | Noticed a phantom
  4065 | D:4      | Killed a phantom
  4066 | D:4      | Reached XP level 6. HP: 29/51 MP: 10/10
  4397 | D:4      | Noticed Eustachio
  4592 | D:5      | Entered Level 5 of the Dungeon
  4598 | D:5      | Found a staircase to the Ecumenical Temple.
  4605 | Temple   | Entered the Ecumenical Temple
  4708 | D:4      | Mangled by an ogre

Illustrated notes

Levels and vault maps discovered:
D:1:      dpeg_arrival_leaves_temple_mockup, layout_basic,
          shapermc_ecumenical_altar_mp_ritualfount, dreamdust_wishing_well
D:2:      layout_loops_ring, minmay_misc_feat_doors, kennysheep_jessica_study
D:3:      layout_loops_corners, trog_three_pillars_becter
D:4:      cheibrodos_old_hovel, layout_basic, grunt_temple_overflow_open,
          minivault_19, minivault_19, uniq_eustachio
D:5:      layout_cave_pools, mainiacjoe_overflow_alcove_4,
          minmay_temple_entry_mini_moons, uniq_prince_ribbit1, uniq_ijyb
Temple:   chequers_temple_sunken

Skill      XL: |  1  2  3  4  5 |
---------------+----------------+-----
Fighting       | 2 3 |  3.5
Long Blades    | 2 3 |  3.5
Spellcasting   | 2 3 |  3.3
Translocations | 4 |  4.6
Throwing       | |  0.8
Armour         | |  1.2
Dodging        | |  1.3

Action                     |  1- 3 |  4- 6 || total
---------------------------+-------+-------++-------
  Melee: Falchion          |    92 |   217 ||   309
         Tailslap          |     8 |    24 ||    32
  Throw: Stone             |     3 |     3 ||     6
   Cast: Lesser Beckoning  |       |     2 ||     2
         Blink             |       |     2 ||     2
    Use: Scroll            |     2 |     3 ||     5
 Armour: Leather armour    |    47 |   171 ||   218
  Dodge: Dodged            |    37 |   121 ||   158

Table legend: (Time is in decaauts)
 A = Elapsed time spent in this place.
 B = Non-inter-level travel time spent in this place.
 C = Inter-level travel time spent in this place.
 D = Time resting spent in this place.
 E = Time spent auto-exploring this place.
 F = Levels seen in this place.
 G = Mean time per level.
                   A        B        C        D        E       F      G
               +--------+--------+--------+--------+--------+-----+--------+
         Total |   4762 |   4448 |    314 |    355 |   2722 |   6 |  793.7 |
       Dungeon |   4712 |   4404 |    308 |    355 |   2722 |   5 |  942.4 |
        Temple |     49 |     43 |      6 |      0 |      0 |   1 |   49.0 |
               +--------+--------+--------+--------+--------+-----+--------+

Top non-repeatable levels by time:
     D:1: 1366 daAuts
     D:4: 1240 daAuts
     D:3: 1126 daAuts
     D:2: 922 daAuts
     D:5: 57 daAuts
  Temple: 49 daAuts
